 Dungeon Crawl Stone Soup version 0.19.0-19-g8c6edcc (webtiles) character file.

24 glitchdot the Vexing (level 3, 0/20 HPs)
             Began as a Kobold Arcane Marksman on Nov 15, 2016.
             Slain by an adder (4 damage)
             ... on level 2 of the Dungeon.
             The game lasted 00:08:55 (1306 turns).

glitchdot the Vexing (Kobold Arcane Marksman)       Turns: 1306, Time: 00:08:56

Health: 0/20       AC:  2    Str:  8    XL:     3   Next: 15%
Magic:  1/5        EV: 15    Int: 15    God:
Gold:   64         SH:  0    Dex: 14    Spells: 2 memorised, 1 level left

rFire  . . .     SeeInvis .     a - +0 hand crossbow
rCold  . . .     Gourm    .     e - +0 robe
rNeg   . . .     Faith    .     (shield restricted)
rPois  .         Spirit   .     (no helmet)
rElec  .         Reflect  .     (no cloak)
rCorr  +         Harm     .     (no gloves)
MR     .....                    (no boots)
Stlth  +.........               j - amulet of rage
                                (no ring)
                                b - ring of resist corrosion

@: lethally poisoned (0 -> -10)
A: carnivore 3
a: Evoke Berserk Rage


You were on level 2 of the Dungeon.
You were full.

You visited 1 branch of the dungeon, and saw 2 of its levels.

You collected 64 gold pieces.

Inventory:

Hand Weapons
 a - a +0 hand crossbow (weapon)
Missiles
 d - 4 bolts (quivered)
Armour
 e - a +0 robe (worn)
Jewellery
 b - a ring of resist corrosion (left hand)
 j - an amulet of rage (around neck)
Scrolls
 g - a scroll of amnesia
 i - a scroll of remove curse
 k - a scroll of fog {unknown}
 l - a scroll of noise {unknown}
Potions
 m - a potion of flight {unknown}
Books
 c - a book of Debilitation

   Spells                             Type                      Level
   a - Corona                         Hexes                        1
   b - Slow                           Hexes                        2
   c - Gell's Gravitas                Hexes/Translocation          3
   d - Inner Flame                    Hexes/Fire                   3
   e - Cause Fear                     Hexes                        4
   f - Leda's Liquefaction            Hexes/Earth                  4
Comestibles
 h - a beef jerky


   Skills:
 + Level 1.2 Fighting
 + Level 3.2 Crossbows
 + Level 2.5 Dodging
 + Level 0.4 Stealth
 + Level 1.4 Spellcasting
 + Level 3.4 Hexes


You had one spell level left.
You knew the following spells:

 Your Spells              Type           Power        Failure   Level  Hunger
a - Corona                Hex            ##.....      8%          1    ##.....
b - Slow                  Hex            ##......     12%         2    ###....


Dungeon Overview and Level Annotations

Branches:
Dungeon (2/15)

Altars:


Innate Abilities, Weirdness & Mutations

You are small and have problems with some larger weapons.
You are carnivorous and can eat meat at any time.


Message History

Firing (i - inventory):
d - 7 bolts (quivered)
Press: ? - help, Shift-Dir - straight line, f/p - adder
Aim: an adder (severely wounded)
You shoot a bolt. The bolt closely misses the adder.
You feel sick. The adder closely misses you.
Firing (i - inventory):
d - 6 bolts (quivered)
Press: ? - help, Shift-Dir - straight line, f/p - adder
Aim: an adder (severely wounded)
You shoot a bolt. The bolt barely misses the adder.
You feel sick. The adder barely misses you. The adder bites you.
You are lethally poisoned!
The adder poisons you!
Firing (i - inventory):
d - 5 bolts (quivered)
Press: ? - help, Shift-Dir - straight line, f/p - adder
Aim: an adder (severely wounded)
You shoot a bolt. The bolt closely misses the adder.
You feel sick. The adder bites you.
* * * LOW HITPOINT WARNING * * *
The adder bites you.
You die...

.(.......#
.........#
.........###
.......(.##
#.(.....?#
#..(.....# #
#...(....#
g..###+#)S#.#
.........@#
........###
...............
.......?.S.....
............!..
...............
..........###..
###........ .
..........


You could see an adder.

Vanquished Creatures
  A worm (D:2)
  A dart slug (D:1)
  A leopard gecko (D:1)
  3 bats (D:1)
  3 giant cockroaches (D:1)
  A goblin (D:1)
  2 hobgoblins
  A kobold (D:1)
  4 rats (D:1)
17 creatures vanquished.

Notes
Turn   | Place    | Note
-------+----------+-------------------------------------------
     0 | D:1      | glitchdot the Kobold Arcane Marksman began the quest for the Orb.
     0 | D:1      | Reached XP level 1. HP: 12/12 MP: 2/2
   181 | D:1      | Reached XP level 2. HP: 16/16 MP: 0/3
   189 | D:1      | Learned a level 2 spell: Slow
  1276 | D:2      | Reached XP level 3. HP: 20/20 MP: 3/5
  1306 | D:2      | Slain by an adder

Skill      XL: |  1  2 |
---------------+-------+-----
Crossbows      | 3 |  3.2
Fighting       | |  1.2
Dodging        | |  2.5
Stealth        | |  0.4
Spellcasting   | |  1.4
Hexes          | |  3.4

Action                   || total
-------------------------++-------
 Fire: Hand crossbow     ||    56
 Cast: Corona            ||    13
       Slow              ||     4
  Use: Potion            ||     2
       Scroll            ||     2
  Eat: Meat ration       ||     1
Armor: Robe              ||     3
Dodge: Dodged            ||    21
